Map: Lock & Load

Players

monk

  • Race: Protoss Protoss
  • Spawn Location: 7:00

DrSeRRoD

  • Race: Terran Terran
  • Spawn Location: 6:00

VOD

Have the link to the VOD?

Description

Time

  • Played on: Aug. 26, 2017, 9:47 p.m.
  • Length: 16:06
Show
View Real Time Build Order
Export as new Build Order

monk Protoss 

Build Orders:  

Get SALT Encoding   

  12  0:02  Probe (Chrono Boost)  
  13  0:11  Dark Pylon  
  13  0:16  Probe (Chrono Boost)  
  14  0:27  Assimilator  
  14  0:30  Probe (Chrono Boost)  
  14  0:38  Assimilator  
  15  0:44  Probe (Chrono Boost)  
  16  0:58  Probe (Chrono Boost)  
  17  1:05  Gateway  
  17  1:12  Probe (Chrono Boost)  
  18  1:25  Probe (Chrono Boost)  
  19  1:31  Forge  
  19  1:39  Probe (Chrono Boost)  
  20  1:53  Probe (Chrono Boost)  
  21  2:07  Probe (Chrono Boost)  
  22  2:11  Cybernetics Core  
  22  2:12  Protoss Ground Weapons Level 1 (Chrono Boost)  
  22  2:22  Probe  
  23  2:45  Pylon  
  23  2:48  Pylon  
  23  3:07  Death Council  
  23  3:09  Probe (Chrono Boost)  
  24  3:24  Probe (Chrono Boost)  
  25  3:37  Probe (Chrono Boost)  
  26  3:45  Assimilator  
  26  3:51  Probe (Chrono Boost)  
  26  3:53  Assimilator  
  27  4:00  Warp Gate  
  27  4:05  Nexus  
  27  4:06  Probe (Chrono Boost)  
  28  4:17  Dark Shrine  
  28  4:20  Probe (Chrono Boost)  
  29  4:34  Probe (Chrono Boost)  
  30  4:43  Pylon  
  30  4:45  Protoss Ground Weapons Level 2 (Chrono Boost)  
  30  4:47  Probe (Chrono Boost)  
  31  5:01  Shadow Fury, Probe (Chrono Boost)  
  32  5:15  Probe (Chrono Boost)  
  33  5:21  Dark Pylon  
  33  5:29  Probe (Chrono Boost)  
  33  5:33  Gateway  
  33  5:37  Gateway  
  34  5:43  Probe (Chrono Boost)  
  34  5:46  Probe (Chrono Boost)  
  36  5:54  Gateway  
  36  5:57  Probe (Chrono Boost)  
  37  6:00  Probe (Chrono Boost)  
  38  6:11  Probe (Chrono Boost)  
  38  6:16  Probe (Chrono Boost)  
  38  6:17  Gateway  
  40  6:23  Gateway  
  40  6:25  Gateway  
  40  6:29  Gateway  
  40  6:38  Probe  
  41  6:45  Dark Templar  
  43  6:56  Stargate  
  43  7:00  Dark Templar  
  43  7:01  Dark Templar  
  47  7:38  Pylon  
  47  7:39  Dark Templar x2, Pylon  
  51  7:40  Protoss Ground Weapons Level 3 (Chrono Boost)  
  51  7:42  Dark Templar x3  
  51  7:44  Oracle (Chrono Boost)  
  51  7:46  Dark Templar x2  
  61  7:52  Dark Templar  
  63  8:03  Blink  
  66  8:36  Stalker  
  66  8:37  Stalker x3  
  66  8:38  Stalker  
  76  8:50  Dark Pylon  
  76  8:54  Dark Templar Blink (Chrono Boost)  
  76  8:55  Phase Reactor  
  76  9:05  Dark Templar x2  
  76  9:06  Stalker  
  80  9:22  Stalker  
  80  9:23  Stalker x3  
  80  9:27  Stalker  
  90  9:39  Dark Templar  
  92  9:45  Pylon  
  92  9:47  Pylon  
  92  10:12  Photon Cannon  
  92  10:16  Photon Cannon  
  92  10:17  Probe  
  93  10:26  Stalker  
  95  10:34  Probe  
  95  10:36  Photon Cannon, Stalker  
  95  10:37  Stalker  
  95  10:38  Photon Cannon  
  95  10:39  Photon Cannon  
  100  10:59  Dark Templar x3  
  106  11:07  Dark Pylon  
  106  11:15  Dark Templar  
  108  11:24  Oracle  
  108  11:39  Photon Cannon  
  108  11:41  Photon Cannon  
  111  12:10  Dark Templar x2  
  111  12:11  Dark Templar  
  111  12:17  Pylon  
  117  12:20  Pylon x2  
  117  12:22  Pylon, Oracle  
  117  12:26  Pylon  
  117  12:35  Photon Cannon  
  117  12:38  Photon Cannon  
  117  12:39  Pylon  
  118  12:50  Dark Templar x2  
  118  12:51  Dark Templar  
  118  12:52  Stalker x2  
  128  13:00  Stalker x2  
  132  13:36  Dark Templar x4  
  132  13:37  Dark Templar x3  
  142  13:44  Photon Cannon  
  142  13:51  Dark Pylon  
  142  14:04  Dark Templar  
  144  14:15  Dark Templar  
  144  14:16  Dark Templar  
  145  14:35  Photon Cannon  
  145  14:37  Photon Cannon  
  133  14:53  Dark Templar x4  
  133  14:54  Dark Templar  
Show
View Real Time Build Order
Export as new Build Order

DrSeRRoD Terran 

Build Orders:  

Get SALT Encoding   

  12  0:08  SCV  
  12  0:31  SCV  
  13  0:48  SCV  
  14  1:05  SCV  
  15  11:34  SCV  
  14  11:51  SCV  
  15  15:04  SCV  
  14  15:21  SCV  
  14  15:38  SCV  
Tags
 
Add a new tag
Caveats
  • Supply blocks, unpowered buildings, or Contaminate may cause inaccurate times.
  • Supply counts are checked every 10 seconds.